 Dungeon Crawl Stone Soup version 0.24-a0-581-gc0fa6600bf (webtiles) character file.

Game seed: 9019167338236024504

108 Electrofox the Firebug (level 4, -4/33 HPs)
             Began as a Hill Orc Fire Elementalist on Aug 23, 2019.
             Slain by a gnoll
             ... wielding a +0 spear
              (7 damage)
             ... on level 2 of the Dungeon.
             The game lasted 00:12:36 (2205 turns).

Electrofox the Firebug (Hill Orc Fire Elementalist) Turns: 2205, Time: 00:12:36

Health: -4/33      AC:  2    Str: 11    XL:     4   Next: 87%
Magic:  4/6        EV: 12    Int: 15    God:
Gold:   39         SH:  0    Dex: 11    Spells: 5/6 levels left

rFire    . . .     SeeInvis .   m - +2 dagger (venom)
rCold    . . .     Gourm    .   (no shield)
rNeg     . . .     Faith    .   a - +0 robe
rPois    .         Spirit   .   (no helmet)
rElec    .         Reflect  .   (no cloak)
rCorr    .         Harm     .   (no gloves)
MR       .....                  (no boots)
Stlth    ++........             (no amulet)
HPRegen  0.11/turn              (no ring)
MPRegen  0.10/turn              (no ring)

@: no status effects
A: no striking features
a: no special abilities


You were on level 2 of the Dungeon.
You were not hungry.

You visited 1 branch of the dungeon, and saw 2 of its levels.

You collected 39 gold pieces.

Inventory:

Hand Weapons
 j - a +0 dagger
 m - a +2 dagger of venom (weapon)
Missiles
 n - 3 boomerangs of dispersal (quivered)
Armour
 a - a +0 robe (worn)
Jewellery
 h - a +3 ring of strength {unknown}
Scrolls
 d - 2 scrolls of fear {unknown}
 e - a scroll of teleportation {unknown}
 i - a scroll of identify {unknown}
 k - a scroll of enchant armour {unknown}
 l - a scroll of enchant weapon {unknown}
 o - a scroll of fog {unknown}
Potions
 f - a potion of flight {unknown}
 g - 2 potions of lignification {unknown}
 p - a potion of resistance {unknown}
 q - a potion of brilliance {unknown}
Comestibles
 b - 3 chunks of flesh
 c - a ration


   Skills:
 + Level 2.9 Short Blades
 - Level 1.5 Dodging
 - Level 1.5 Stealth
 - Level 1.5 Spellcasting
 - Level 2.6 Conjurations
 - Level 3.8 Fire Magic


You had 5 spell levels left.
You knew the following spells:

 Your Spells              Type           Power        Failure   Level  Hunger
a - Flame Tongue          Conj/Fire      ##...        6%          1    ##.....

Your spell library contained the following spells:

 Spells                   Type           Power        Failure   Level  Hunger
 Throw Flame              Conj/Fire      ##....       10%         2    ###....
 Conjure Flame            Conj/Fire      ##......     19%         3    ####...
 Inner Flame              Hex/Fire       #.......     32%         3    ####...
 Sticky Flame             Conj/Fire      ##......     52%         4    #####..
 Fireball                 Conj/Fire      ##........   86%         5    ######.


Dungeon Overview and Level Annotations

Branches:
Dungeon (2/15)

Altars:
Qazlal
Sif Muna


Message History

Press: ? - help, Shift-Dir - straight line, f/p - gnoll
Aim: a gnoll, wielding a +0 spear You throw a boomerang of dispersal.
The boomerang of dispersal barely misses the gnoll.
The boomerang of dispersal hits the gnoll.
The gnoll blinks!
The gnoll is moderately wounded.
The gnoll barely misses you. The gnoll closely misses you.
The gnoll completely misses you. The gnoll hits you with a +0 club!
* * * LOW HITPOINT WARNING * * *
Casting: Flame Tongue (safe; 6% risk of failure)
Confirm with . or Enter, or press ? or * to list all spells.
Aiming: Flame Tongue (safe; 6% risk of failure)
Press: ? - help, Shift-Dir - straight line, f/p - gnoll
Aim: a gnoll, wielding a +0 spear The flame tongue hits the gnoll!
The gnoll is almost dead.
The gnoll hits you from afar with a +0 spear!
You die...

### ## ###
###.#
.####.###
#.#@#
........####
#.g.#
.#.........#
##g##
.#.#######.#
#.# .#.# #.#
#.# .#.#
#.####†#
.#.#
#.gg...#
...#
#.######
.#.# #(#


You could see 2 gnolls.

Vanquished Creatures
  An adder (D:2)
  4 gnolls (D:2)
  An ooze (D:1)
  2 dart slugs
  2 leopard geckos
  6 giant cockroaches
  7 goblins
  6 hobgoblins (D:1)
  4 jackals (D:1)
  A ball python (D:1)
  2 bats (D:1)
  5 frilled lizards
  4 kobolds
  7 rats
52 creatures vanquished.

Notes
Turn   | Place    | Note
-------+----------+-------------------------------------------
     0 | D:1      | Electrofox the Hill Orc Fire Elementalist began the quest
                  | for the Orb.
     0 | D:1      | Reached XP level 1. HP: 14/14 MP: 3/3
   358 | D:1      | Reached XP level 2. HP: 20/20 MP: 1/4
  1245 | D:1      | Reached XP level 3. HP: 26/26 MP: 3/5
  1727 | D:2      | Reached skill level 1 in Short Blades
  1882 | D:2      | Found a stormy altar of Qazlal.
  1884 | D:2      | Found a shimmering blue altar of Sif Muna.
  1906 | D:2      | Reached XP level 4. HP: 33/33 MP: 3/6
  2205 | D:2      | Slain by a gnoll

Levels and vault maps discovered:
D:1:      elethiomel_arrival_infinity_welcomes_careful_drivers, layout_basic,
          minmay_split_cup_large
D:2:      layout_loops_ring, lemuel_coloured_pillars_altar,
          grunt_temple_overflow_open, chequers_ecumenical_altar_lobes,
          uniq_jessica

Skill      XL: |  1  2  3  4 |
---------------+-------------+-----
Conjurations   | 2 |  2.6
Short Blades   | 1 2 |  2.9
Dodging        | |  1.5
Stealth        | |  1.5
Spellcasting   | |  1.5
Fire Magic     | |  3.8

Action                   |  1- 3 |  4- 6 || total
-------------------------+-------+-------++-------
Melee: Unarmed           |    17 |       ||    17
       Dagger            |    38 |     9 ||    47
       Club              |     2 |       ||     2
Throw: Boomerang         |       |     4 ||     4
 Cast: Flame Tongue      |    66 |    15 ||    81
  Eat: Chunk             |     5 |     1 ||     6
Armor: Robe              |     6 |     1 ||     7
Dodge: Dodged            |    44 |    16 ||    60

Table legend:
 A = Non-vault XP
 B = Vault XP
 C = Vault XP percentage of total XP
 D = Non-vault monster count
 E = Vault monster count
 F = Vault count percentage of total count
                 A         B        C        D         E       F
            +---------+---------+-------+---------+---------+-------
      Total |     145 |      10 |   6.5 |      48 |       4 |   7.7
            +---------+---------+-------+---------+---------+-------
        D:1 |      54 |      10 |  15.6 |      32 |       4 |  11.1
        D:2 |      91 |       0 |   0.0 |      16 |       0 |   0.0
            +---------+---------+-------+---------+---------+-------
